Unix NetHack Version 3.7.0-66 Work-in-progress - last build Oct 24 2022 02:09:04 (0cf9ee0665dfd4e3628fd2b6ead320895a4d4695,branch:master). Game began 2022-10-30 14:53:58, ended 2022-10-30 15:08:26. torpedovariant, chaotic female human Rogue .... ...... ........ #.h..)... ..G@f.... .....0... ....... ..... ... Torpedovariant the Cutpurse St:17 Dx:18 Co:17 In:9 Wi:10 Ch:9 Chaotic Dlvl:4 $:0 HP:0(30) Pw:12(12) AC:5 Exp:4 T:2232 Latest messages: There is a black flash as 2 gems called s ye1 hit the altar. There is a black flash as a gem called s yb1 hits the altar. J - 3 uncursed food rations. K - an uncursed gem called s re1. V - a cursed gem called s re2. X - a cursed gem called s yb1. W - 2 cursed gems called s ye1. Moving the altar would be a very bad idea. What do you want to use or apply? [bejtvzN or ?*] You put an uncursed gem called s re1 into the sack. You put a cursed gem called s re2 into the sack. You put 2 cursed gems called s ye1 into the sack. You put a cursed gem called s yb1 into the sack. What do you want to use or apply? [bejtvzN or ?*] You put a cursed scroll labeled ZELGO MER into the sack. Where do you want to travel to? (For instructions type a '?') You climb up the stairs. You descend the stairs. Where do you want to travel to? (For instructions type a '?') What do you want to use or apply? [bejtvzN or ?*] You descend the stairs. You remember this level as mithril $320. Where do you want to travel to? (For instructions type a '?') You swap places with Purrminator. You descend the stairs. You hear rumbling in the distance. The boulder hits Purrminator. What do you want to use or apply? [bejtvzN or ?*] The lamp called 1 flickers for a moment, then dies. What do you want to use or apply? [bejtvzN or ?*] The lamp spills and covers your fingers with oil. Your sword slips from your hand. What do you want to use or apply? [bejtvzN or ?*] Your lamp is now on. With great effort you move the boulder. You fall into a pit! The dwarf swings his pick-axe. The dwarf hits! You begin bashing monsters with your bare hands. You hit the dwarf. The dwarf swings his pick-axe. The dwarf hits! You are still in a pit. The dwarf swings his pick-axe. The dwarf hits! You die... Do you want your possessions identified? [ynq] (y) Inventory: Weapons q - 3 uncursed +0 daggers named !c w - an uncursed +0 dagger named W (alternate weapon; not wielded) Q - 7 uncursed +0 daggers named Q (at the ready) Armor B - an uncursed +1 leather armor (being worn) D - an uncursed +0 pair of kicking boots (being worn) F - an uncursed +0 orcish helm (being worn) G - a cursed +3 small shield named +3 cursed P - a cursed -1 pair of levitation boots Comestibles J - 3 uncursed food rations Wands z - an uncursed wand of light (0:11) N - an uncursed wand of slow monster (0:6) Tools b - an uncursed sack containing 17 items e - an uncursed lock pick j - an uncursed towel t - an uncursed blindfold v - a cursed oil lamp (lit) Contents of the sack: 18 gold pieces an uncursed +0 long sword named +0 a cursed scroll of confuse monster an uncursed scroll of gold detection an uncursed scroll of earth an uncursed scroll of enchant armor a cursed scroll of enchant weapon an uncursed potion of see invisible an uncursed potion of water an uncursed potion of sickness an uncursed ring of cold resistance an uncursed ring of searching an uncursed worthless piece of blue glass an uncursed jasper stone a cursed worthless piece of red glass a cursed worthless piece of yellowish brown glass 2 cursed worthless pieces of yellow glass Torpedovariant the Rogue's attributes: Background: You were a Cutpurse, a level 4 female human Rogue. You were chaotic, on a mission for Kos who was opposed by Issek (lawful) and Mog (neutral). You were in the Gnomish Mines, on level 4. You entered the dungeon 2232 turns ago. You had 124 experience points, 36 more were needed to attain level 5. Basics: You had 0 out of 30 hit points. You had all 12 energy points (spell power). Your armor class was 5. Your wallet was empty, but you had 18 zorkmids stashed away in your pack. Autopickup was off. Final Characteristics: Your strength was 17 (limit:18/100). Your dexterity was 18 (limit:18). Your constitution was 17 (limit:18). Your intelligence was 9 (limit:18). Your wisdom was 10 (limit:18). Your charisma was 9 (limit:18). Final Status: You were trapped in a pit. You had slippery fingers. You were not hungry. You were unencumbered. You were bare handed. You were unskilled in bare handed combat. Final Attributes: You were piously aligned. You were telepathic. You were stealthy. You were warded. You are dead. Miscellaneous: You encountered 1 bones level. Total elapsed playing time was 14 minutes and 27 seconds. Major events: Turn 1: torpedovariant the chaotic female human Rogue entered the dungeon 1247: attained the rank of Cutpurse (level 3) 1698: entered the Gnomish Mines 1993: destroyed elky's ghost, the former Stripling 2232: killed by a dwarf Vanquished creatures: a ghost a gnome leader a floating eye 2 dwarf zombies an acid blob a giant rat a brown mold a yellow mold 2 gnomes 2 jackals 4 foxes a kobold a goblin a sewer rat 4 grid bugs 6 lichens a kobold zombie 6 newts 37 creatures vanquished. No species were genocided or became extinct. Voluntary challenges: You read items or engraved 2 times. You never engraved Elbereth. You never genocided any monsters. You never polymorphed an object. You never changed form. You used no wishes. Achievements: You entered a shop. You attained the rank of Cutpurse. You entered the Gnomish Mines. The Dungeons of Doom: levels 1 to 5 Level 1: Many fountains. Level 2: A general store, an altar, some fountains. Level 3: "mithril $320" An armor shop, a fountain. Stairs down to The Gnomish Mines. Level 4: A grave. Final resting place for elky-Val-Dwa-Fem-Law, killed by falling down a mine shaft. Level 5: The Gnomish Mines: Level 4: <- You were here. Final resting place for you, killed by a dwarf. Game over: ---------- / \ / REST \ / IN \ / PEACE \ / \ | torpedovariant | | 18 Au | | killed by a | | dwarf | | | | | | 2022 | *| * * * | * _________)/\\_//(\/(/\)/\//\/|_)_______ Goodbye torpedovariant the Rogue... You died in The Gnomish Mines on dungeon level 4 with 723 points, and 18 pieces of gold, after 2232 moves. You were level 4 with a maximum of 30 hit points when you died.